AoeStats
← AiM | CanvaL

Nomad

505670107Analyzed
4v4 RM · 22d ago on Sep 10, 2026· 59m 18s· 8 players
Game mode
Random Map
Map size
231×231
Population
200
Speed
Normal
Resources
Standard
Victory
Conquest
Starting age
Dark Age
Ending age
Imperial Age
RankedLock teamsTeams togetherTeam positionsShared explorationLock speedFull tech treeHidden civsTurbo modeCheats
Victory
Defeat
🇨🇳 Japanese · China
1194
+14
🇨🇱 Italians · Chile
1192
+14
🇹🇼 Vietnamese · Taiwan
1188
+14
🇨🇳 Slavs · China
1124
+18
🇫🇷 Vikings · France
1172
-16
🇪🇨 Portuguese · Ecuador
1153
-15
🇩🇪 Dravidians · Germany
1144
-15
🇨🇭 Berbers · Switzerland
1139
-14
Krake
4:38 Loom
14:15 Feudal Age
15:37 Double-Bit Axe
16:10 Fishing Lines
19:50 Castle Age
18:26 Fletching
18:52 Padded Archer Armor
19:06 Gold Mining
19:06 Stone Mining
21:45 Gillnets
22:06 Bodkin Arrow
22:27 Leather Archer Armor
23:30 Forging
24:01 Bow Saw
23:55 Scale Mail Armor
25:24 Squires
25:09 Arson
25:53 Gambesons
27:04 Iron Casting
28:05 Wheelbarrow
27:15 Town Watch
27:53 Chain Mail Armor
28:28 Murder Holes
28:55 Ballistics
29:01 Hand Cart
30:09 Leather Archer Armor
30:00 Scale Barding Armor
29:38 Horse Collar
34:11 Thumb Ring
38:01 Medical Corps
37:38 Elite Skirmisher
48:15 Imperial Age
52:07 Imperial Age
55:21 Imperial Age
58:19 Chemistry
Leobossy
6:49 Loom
13:46 Feudal Age
22:30 Castle Age
20:19 Double-Bit Axe
22:47 Gold Mining
23:26 Medium Warships
26:48 Forging
29:56 Careening
29:59 Bow Saw
38:15 Wheelbarrow
40:38 Stone Mining
45:29 Fletching
47:43 Bodkin Arrow
48:55 Ballistics
51:29 Elite Skirmisher
Civilgarlic
13:58 Feudal Age
20:24 Castle Age
18:27 Fletching
20:37 Crossbowman
21:38 Bodkin Arrow
24:28 Padded Archer Armor
26:16 Leather Archer Armor
27:21 Medium Warships
27:21 Gold Mining
33:20 Double-Bit Axe
37:31 Imperial Age
38:12 Bracer
40:37 Gold Shaft Mining
42:34 Ballistics
47:13 Horse Collar
48:53 Bow Saw
52:22 Ring Archer Armor
54:08 Chemistry
53:43 Elite Genitour
Blawckdown
14:29 Feudal Age
15:53 Loom
18:49 Castle Age
18:21 Stone Mining
24:40 Forging
25:20 Town Watch
27:24 Scale Mail Armor
28:04 Iron Casting
31:40 Fishing Lines
32:46 Double-Bit Axe
33:48 Horse Collar
35:04 Gold Mining
39:14 Imperial Age
37:21 Gold Shaft Mining
37:25 Bow Saw
37:52 Squires
37:13 Pikeman
38:35 Chain Mail Armor
39:08 Town Patrol
39:36 Arson
41:56 Blast Furnace
42:17 Two-Man Saw
42:22 Plate Mail Armor
41:53 Padded Archer Armor
41:44 Fletching
42:22 Heavy Plow
43:10 Elite Berserk
46:24 Chieftains
48:21 Bodkin Arrow
48:41 Leather Archer Armor
51:26 Bogsveigar
AiM | CanvaL
4:38 Loom
13:34 Feudal Age
15:21 Town Watch
18:05 Castle Age
16:26 Double-Bit Axe
16:38 Stone Mining
21:51 Wheelbarrow
21:59 Fletching
22:56 Horse Collar
23:33 Gold Mining
27:57 Fortified Wall
28:08 Bodkin Arrow
29:13 Bow Saw
29:52 Padded Archer Armor
29:55 Murder Holes
30:20 Ballistics
34:06 Imperial Age
33:42 Leather Archer Armor
33:12 Treadmill Crane
33:38 Heavy Plow
34:41 Silk Road
35:57 Chemistry
36:41 Conscription
37:41 Forging
37:44 Bracer
39:27 Masonry
40:03 Stone Shaft Mining
40:24 Pirotechnia
45:49 Ring Archer Armor
44:58 Elite Genoese Crossbowman
47:06 Architecture
49:51 Forging
49:46 Scale Barding Armor
52:01 Hoardings
52:30 Chain Barding Armor
52:45 Iron Casting
55:53 Husbandry
55:14 Light Cavalry
56:05 Bloodlines
59:34 Crop Rotation
就是天胡
4:07 Loom
13:22 Feudal Age
13:28 Man-at-Arms
17:35 Double-Bit Axe
18:26 Scale Mail Armor
19:32 Town Watch
19:31 Fishing Lines
25:29 Castle Age
23:57 Fletching
27:27 Bow Saw
30:49 Imperial Age
28:59 Horse Collar
32:45 Conscription
32:27 Detinets
37:42 Wheelbarrow
38:50 Husbandry
39:00 Bloodlines
39:34 Gillnets
39:48 Heavy Plow
41:39 Hand Cart
41:17 Gold Mining
41:17 Stone Mining
41:39 Scale Barding Armor
44:26 Forging
45:46 Elite Boyar
46:28 Druzhina
49:00 Two-Man Saw
48:31 Crop Rotation
48:37 Gold Shaft Mining
48:48 Hoardings
49:23 Chain Mail Armor
49:44 Iron Casting
49:13 Squires
48:34 Pikeman
49:42 Ballistics
50:57 Plate Mail Armor
49:53 Halberdier
53:00 Blast Furnace
51:48 Capped Ram
53:15 Medium Warships
54:55 Chain Barding Armor
54:31 Bodkin Arrow
56:16 Plate Barding Armor
57:46 Padded Archer Armor
惢丶利安
4:02 Loom
14:59 Feudal Age
15:51 Double-Bit Axe
18:31 Castle Age
20:38 Bow Saw
21:32 Wheelbarrow
21:56 Stone Mining
22:55 Gold Mining
22:59 Horse Collar
23:51 Scale Mail Armor
24:01 Forging
25:47 Gold Shaft Mining
25:10 Arson
24:46 Pikeman
31:24 Hand Cart
31:46 Town Watch
33:49 Yasama
34:05 Town Patrol
34:56 Fletching
35:43 Iron Casting
36:19 Bodkin Arrow
36:41 Chain Mail Armor
41:24 Imperial Age
40:30 Sanctity
40:40 Treadmill Crane
40:51 Guard Tower
42:36 Conscription
44:02 Hoardings
43:49 Kataparuto
44:22 Elite Samurai
46:00 Bracer
47:01 Blast Furnace
46:32 Plate Mail Armor
46:10 Siege Engineers
47:06 Chemistry
46:18 Masonry
45:48 Capped Ram
47:37 Squires
48:17 Devotion
54:02 Plate Mail Armor
53:33 Padded Archer Armor
54:06 Coinage
53:58 Ballistics
54:13 Keep
53:24 Arrowslits
54:37 Faith
54:31 Redemption
54:33 Fervor
55:03 Theocracy
54:57 Illumination
54:49 Block Printing
54:36 Atonement
54:32 Herbal Medicine
55:47 Banking
57:19 Murder Holes
鄙人張麻子
9:59 Loom
12:22 Feudal Age
14:31 Fletching
17:52 Double-Bit Axe
17:53 Horse Collar
20:46 Wheelbarrow
23:29 Castle Age
22:03 Padded Archer Armor
21:59 Gold Mining
23:37 Crossbowman
24:16 Bodkin Arrow
27:08 Ballistics
27:36 Town Watch
29:17 Leather Archer Armor
39:08 Bow Saw
40:21 Heavy Plow
43:07 Hand Cart
47:05 Imperial Age
44:43 Town Patrol
44:48 Stone Mining
49:48 Chemistry
48:40 Elite Rattan Archer
50:11 Paper Money
50:04 Siege Engineers
50:42 Bracer
51:04 Murder Holes
Connection lost

Rejoining the realm…

Still unreachable

The connection could not be restored.

Session expired

The server has moved on; the page needs a fresh start.